 Dungeon Crawl Stone Soup version 0.27.1-1-g398f81649c (webtiles) character file.

Game seed: 14177625128925103602

704 rel the Cutter (level 7, -3/44 HPs)
             Began as a Kobold Berserker on Sept 7, 2021.
             Was a Priest of Trog.
             Slain by a goblin (4 damage)
             ... led by Robin
             ... on level 4 of the Dungeon.
             The game lasted 00:09:18 (4530 turns).

rel the Cutter (Kobold Berserker)                   Turns: 4530, Time: 00:09:19

Health: -3/44      AC:  9    Str: 16    XL:     7   Next: 99%
Magic:  7/7        EV: 16    Int:  9    God:    Trog [***...]
Gold:   129        SH:  0    Dex: 14    Spells: 6/6 levels left

rFire    + . .     SeeInvis .   a - +0 short sword
rCold    + . .     Faith    .   (shield restricted)
rNeg     . . .     Spirit   .   m - +2 robe {rC+ rF+}
rPois    .         Reflect  .   l - +0 helmet
rElec    .         Harm     .   (no cloak)
rCorr    .         Rampage  .   (no gloves)
Will     .....                  (no boots)
Stlth    ++++......             (no amulet)
HPRegen  0.14/turn              i - ring of flight
MPRegen  0.10/turn              p - +4 ring of protection

@: mighty, on berserk cooldown, attractive, flying, slowed, very slow
A: small, no large weapons, nightstalker 3
a: Renounce Religion, Berserk, Trog's Hand


You were on level 4 of the Dungeon.
You worshipped Trog.
Trog was most pleased with you.
You visited 1 branch of the dungeon, and saw 4 of its levels.

You collected 129 gold pieces.

Inventory:

Hand Weapons
 a - a +0 short sword (weapon)
Missiles
 c - a throwing net (quivered)
Armour
 d - a +0 leather armour
 l - a +0 helmet (worn)
 m - a +2 robe of resistance (worn)
Jewellery
 i - a ring of flight (left hand)
 p - a +4 ring of protection (right hand)
Scrolls
 b - 6 scrolls of identify
 e - a scroll of magic mapping {unknown}
 g - 3 scrolls of enchant armour
 j - a scroll of teleportation {unknown}
 o - a scroll of fear {unknown}
 q - a scroll of immolation {unknown}
Potions
 f - a potion of might
 h - a potion of attraction
 k - a potion of flight {unknown}
 n - a potion of mutation {unknown}


   Skills:
 + Level 4.8 Fighting
 + Level 7.7 Short Blades
 + Level 2.1 Armour
 + Level 4.4 Dodging
 + Level 5.6 Stealth


You had 6 spell levels left.
You didn't know any spells.
Your spell library was empty.

Dungeon Overview and Level Annotations

Branches:
Dungeon (4/15)
 Temple: D:4-7

Altars:
Dithmenos
Qazlal
Xom

Shops:
D:3 ?

Annotations:
D:4 Robin


Innate Abilities, Weirdness & Mutations

You are small and have problems with some larger weapons.
You are completely attuned to the shadows.


Message History

You reach down and open the door.
A giant cockroach comes into view.
The quokka barely misses you. The goblin hits you with a +0 club.
* * * LOW HITPOINT WARNING * * *
The goblin hits you but does no damage.
Found a shimmering altar of Xom.
Okay, then.
The giant cockroach bites you but does no damage.
The quokka barely misses you.
There is an open door here.
You barely miss the quokka. The giant cockroach misses you.
The quokka barely misses you. The giant cockroach closely misses you.
You closely miss the quokka.
The quokka bites you but does no damage.
The giant cockroach bites you but does no damage.
The quokka barely misses you.
It was a potion of attraction.
You feel attractive to monsters.
Robin roars a battlecry!
The goblins go into a battle-frenzy!
The giant cockroach closely misses you. The quokka barely misses you.
Robin throws the goblin at you!
* * * LOW HITPOINT WARNING * * *
The giant cockroach barely misses you. The quokka barely misses you.
As you read the scroll labelled NUSCHI ZURYTHYRCH, it crumbles to dust.
It is a scroll of identify.
g - 3 scrolls of enchant armour The goblin no longer looks unusually strong.
The goblin hits you but does no damage.
The giant cockroach completely misses you.
The quokka barely misses you.
Robin says, "My goblins will feast on your bones."
The goblin barely misses you.
The giant cockroach bites you but does no damage.
You barely miss the quokka.
The goblin no longer looks unusually strong. x2
The quokka closely misses you.
The giant cockroach bites you but does no damage.
The goblin hits you with a +0 club.
You die...

#.# ######## ## #.#
##..†....
##(############.###...#####
#.#............<##)###.#
####..###########.)..# #.#
#.......## #.##.###.#
#.P._.P..# #.###...##
#........###### #.# #####
####......#B@g# #.#
#####.####r###.#
#..###(ggg..# ##gg##gggg(#.


#gg.ggg.gg.# #gg##gg...... #..##.#...##. #..##.##§## .gggggg .. You could see
Robin, a quokka, a giant cockroach, 3 hobgoblins and 4 goblins.

Vanquished Creatures
  Pikel (D:4)
  A scorpion (D:3)
  2 orc priests (D:3)
  An orc wizard (D:3)
  3 adders
  An adder skeleton (D:4)
  2 worms (D:2)
  3 dart slugs
  8 orcs (D:3)
  7 endoplasms (D:1)
  6 goblins
  7 hobgoblins
  5 kobolds
  4 quokkas
  3 ball pythons
  9 bats
  3 frilled lizards
  6 rats
72 creatures vanquished.

Notes
Turn   | Place    | Note
-------+----------+-------------------------------------------
     0 | D:1      | rel the Kobold Berserker began the quest for the Orb.
     0 | D:1      | Reached XP level 1. HP: 14/14 MP: 1/1
   107 | D:1      | Found a faded altar of an unknown god.
   266 | D:1      | Reached XP level 2. HP: 10/19 MP: 2/2
  1576 | D:1      | Reached XP level 3. HP: 24/24 MP: 3/3
  1644 | D:1      | Reached skill level 1 in Stealth
  2224 | D:2      | Reached ** piety under Trog
  2940 | D:2      | Reached XP level 4. HP: 25/29 MP: 4/4
  3527 | D:3      | Reached skill level 5 in Short Blades
  3949 | D:3      | Found Ciamor's Magic Scroll Shop.
  3962 | D:3      | Reached XP level 5. HP: 33/33 MP: 5/5
  4036 | D:3      | Reached XP level 6. HP: 38/38 MP: 6/6
  4040 | D:3      | Reached skill level 6 in Short Blades
  4042 | D:3      | Reached *** piety under Trog
  4341 | D:3      | Found a stormy altar of Qazlal.
  4478 | D:4      | Found a shadowy altar of Dithmenos.
  4498 | D:4      | Noticed Robin
  4500 | D:4      | Noticed Pikel
  4517 | D:4      | Killed Pikel
  4518 | D:4      | Reached skill level 7 in Short Blades
  4518 | D:4      | Reached skill level 5 in Stealth
  4518 | D:4      | Reached XP level 7. HP: 9/44 MP: 7/7
  4524 | D:4      | Found a shimmering altar of Xom.
  4524 | D:4      | HP: 1/44 [goblin[Robin] (5)]
  4530 | D:4      | Slain by a goblin

Illustrated notes

Levels and vault maps discovered:
D:1:      evilmike_arrival_fibonacci_small, layout_loops_corners,
          shapermc_ecumenical_altar_totnotflames, hangedman_decor_slide_cut,
          chequers_decorated_corner, chequers_serial_rivers_small_3
D:2:      layout_basic, hangedman_abyss_or_decor_stabs, fountainhead
D:3:      layout_basic, mainiacjoe_overflow_concentric_impassable,
          portal_sewer_entry_e, serial_shops, shop, minmay_quadrilaterals
D:4:      layout_loops_ring, mainiacjoe_overflow_tiny_flanked,
          nemelex_dance_club_becter, kennysheep_mini, chequers_avenue,
          uniq_pikel, uniq_edmund, uniq_robin

Skill      XL: |  1  2  3  4  5  6 |
---------------+-------------------+-----
Stealth        | 1 2 3 5 |  5.6
Fighting       | 4 |  4.8
Armour         | 2 |  2.1
Short Blades   | 5 7 |  7.7
Dodging        | 3 4 |  4.4

Action                   |  1- 3 |  4- 6 |  7- 9 || total
-------------------------+-------+-------+-------++-------
Melee: Short sword       |   134 |   132 |     3 ||   269
Invok: Berserk           |     2 |     3 |       ||     5
  Use: Potion            |       |       |     2 ||     2
       Scroll            |       |       |     1 ||     1
 Stab: Sleeping          |    13 |     7 |       ||    20
Armor: Animal skin       |     4 |       |       ||     4
       Leather armour    |    36 |     2 |       ||    38
       Robe              |       |    42 |    11 ||    53
Dodge: Dodged            |   109 |    87 |    20 ||   216
